 Dungeon Sprint DCSS version 0.20-a0-1089-g3fde505 (webtiles) character file.

18 potatolord5000 the Shield-Bearer (level 2, -3/30 HPs)
             Began as a Gargoyle Fighter on May 3, 2017.
             Was an Initiate of Okawaru.
             Slain by an ice beast (10 damage)
             ... in the Dungeon (Sprint VII: "The Pits").
             The game lasted 00:01:09 (273 turns).

potatolord5000 the Shield-Bearer (Gargoyle Fighter)  Turns: 273, Time: 00:01:11

Health: -3/30      AC:  9    Str: 24    XL:     2   Next: 70%
Magic:  2/2        EV:  7    Int:  8    God:    Okawaru [......]
Gold:   0          SH:  9    Dex:  9    Spells: 1/1 levels left

rFire    . . .     SeeInvis .   l - +2 mace
rCold    . . .     Gourm    .   c - +0 shield
rNeg     + . .     Faith    .   b - +0 scale mail
rPois    ∞         Spirit   .   (no helmet)
rElec    +         Reflect  .   (no cloak)
rCorr    .         Harm     .   (no gloves)
MR       .....     NoTele   +   (no boots)
Stlth    ..........             (no amulet)
Regen    0.1/turn               (no ring)
MPRegen  0.1/turn               (no ring)

@: mighty, berserking, very quick
A: negative energy resistance 1, electricity resistance, unbreathing,
petrification resistance, rot immunity, AC +2
a: Renounce Religion


You were in the Dungeon.
You worshipped Okawaru.
Okawaru was noncommittal.
You were very full.

You visited 1 branch

Inventory:

Hand Weapons
 l - a +2 mace (weapon)
Armour
 b - a +0 scale mail (worn)
 c - a +0 shield (worn)
Scrolls
 k - a scroll of blinking
 m - 3 scrolls of remove curse
 n - 5 scrolls of amnesia
 o - a scroll of summoning
Potions
 a - 2 potions of invisibility
 e - a potion of curing
 g - a potion of heal wounds
 h - a potion of haste
 i - 4 potions of magic
 j - 2 potions of berserk rage
Comestibles
 f - 8 bread rations
 p - 40 fruits
 q - 6 meat rations


   Skills:
 + Level 4.3 Fighting
 + Level 3.2 Maces & Flails
 + Level 4.2 Armour
 + Level 4.3 Shields


You had one spell level left.
You didn't know any spells.

Dungeon Overview and Level Annotations

Branches:
Dungeon (1/1)

Altars:
Ashenzari
Cheibriados
Dithmenos
Elyvilon
Fedhas
Gozag
Hepliaklqana
Kikubaaqudgha
Makhleb
Nemelex Xobeh
Okawaru
Qazlal
Ru
Sif Muna
Trog
Uskayaw
Vehumet
Wu Jian
Xom
Yredelemnul
Zin
The Shining One
Beogh
Jiyva
Lugonu


Innate Abilities, Weirdness & Mutations

You are resistant to torment.
Your stone body is resilient. (AC +2)
You are immune to poison.
You resist negative energy. (rN+)
You are resistant to electric shocks. (rElec)
You can survive without breathing.
You are immune to petrification.
You are immune to rotting.


Message History

You feel yourself moving faster!
You feel mighty! The leopard gecko closely misses you.
The worker ant barely misses you. The ice beast hits you.
The ice beast freezes you!
You block the leopard gecko skeleton's attack.
You closely miss the ice beast.
The leopard gecko bites you but does no damage.
The worker ant bites you.
The ice beast hits you but does no damage.
You sock the ice beast!
The ice beast is moderately wounded.
The leopard gecko bites you.
The worker ant bites you but does no damage.
You block the leopard gecko skeleton's attack.
You hit the ice beast.
The ice beast is heavily wounded.
You block the leopard gecko's attack. You block the worker ant's attack.
The ice beast hits you.
* * * LOW HITPOINT WARNING * * *
The ice beast freezes you!
You die...

#.?(.')))'.##......#..
##########.##.........
#.......†..†'.........
#+#####)#####......#..
#..#...'.##.........
#..#...#.#####'#####
#..#####.##.......#
#.al...#.##.......#
#.Z@...'.##.......#
#.Y########...<...#
#.. #.......# #..
#.......# ###
#.......# #########


You could see an ice beast, a worker ant, a leopard gecko and a leopard gecko
skeleton.

Vanquished Creatures
  An adder (D)
  An ufetubus (D)
  2 hobgoblins (D)
  A ball python (D)
5 creatures vanquished.

Vanquished Creatures (others)
  Margery (D)
  A necromancer (D)
2 creatures vanquished.

Grand Total: 7 creatures vanquished

Notes
Turn   | Place    | Note
-------+----------+-------------------------------------------
     0 | D        | potatolord5000 the Gargoyle Fighter began the quest for the Orb.
     0 | D        | Reached XP level 1. HP: 14/14 MP: 1/1
     5 | D        | Killed a necromancer
    18 | D        | Reached XP level 2. HP: 16/20 MP: 2/2
    37 | D        | Killed Margery
    51 | D        | Found a bloodstained altar of Trog.
    51 | D        | Found a deep blue altar of Sif Muna.
    51 | D        | Found a viscous altar of Jiyva.
    51 | D        | Found a hazy altar of Hepliaklqana.
    51 | D        | Found an opulent altar of Gozag.
    52 | D        | Found a glowing golden altar of the Shining One.
    52 | D        | Found a glowing silver altar of Zin.
    52 | D        | Found a basalt altar of Yredelemnul.
    52 | D        | Found a shimmering altar of Xom.
    52 | D        | Found an ornate altar of the Wu Jian Council.
    52 | D        | Found a sacrificial altar of Ru.
    52 | D        | Found a stormy altar of Qazlal.
    52 | D        | Found an iron altar of Okawaru.
    52 | D        | Found a sparkling altar of Nemelex Xobeh.
    52 | D        | Found a burning altar of Makhleb.
    52 | D        | Found a blossoming altar of Fedhas.
    52 | D        | Found a white marble altar of Elyvilon.
    52 | D        | Found a shadowy altar of Dithmenos.
    52 | D        | Found a snail-covered altar of Cheibriados.
    55 | D        | Found a corrupted altar of Lugonu.
    55 | D        | Found a radiant altar of Vehumet.
    55 | D        | Found a roughly hewn altar of Beogh.
    56 | D        | Found an ancient bone altar of Kikubaaqudgha.
    56 | D        | Found a hide-covered altar of Uskayaw.
    56 | D        | Found a shattered altar of Ashenzari.
    64 | D        | Became a worshipper of Warmaster Okawaru
   267 | D        | Noticed an ice beast
   273 | D        | Slain by an ice beast

Vault maps used:
D:        pitsprint

Skill      XL: |  1  2 |
---------------+-------+-----
Fighting       | 4 |  4.3
Shields        | 4 |  4.3
Armour         | 4 |  4.2
Maces & Flails | 3 |  3.2

Action                   || total
-------------------------++-------
Melee: Flail             ||     6
       Mace              ||    23
  Use: Potion            ||     2
  Eat: Meat ration       ||     1
Armor: Scale mail        ||    24
Dodge: Dodged            ||    14
Block: Shield            ||    29
